 Dungeon Crawl Stone Soup version 0.19.1-1-g22dce08 (console) character file.

424 cocoleboss the Skirmisher (level 6, -3/56 HPs)
             Began as a Minotaur Fighter on Jan 4, 2017.
             Killed by divine providence
             ... invoked by an orc priest
              (15 damage)
             ... on level 4 of the Dungeon.
             The game lasted 00:23:24 (2438 turns).

cocoleboss the Skirmisher (Minotaur Fighter)        Turns: 2438, Time: 00:23:24

Health: -3/56      AC:  8    Str: 20    XL:     6   Next: 64%
Magic:  5/5        EV:  9    Int:  5    God:
Gold:   185        SH: 10    Dex: 12    Spells: 0 memorised, 5 levels left

rFire  . . .     SeeInvis .     a - +0 war axe
rCold  . . .     Gourm    .     b - +0 scale mail
rNeg   . . .     Faith    .     c - +0 shield
rPois  .         Spirit   .     (helmet restricted)
rElec  .         Reflect  .     (no cloak)
rCorr  .         Harm     .     (no gloves)
MR     .....                    w - +0 pair of boots
Stlth  ..........               (no amulet)
                                (no ring)
                                (no ring)

@: no status effects
A: retaliatory headbutt, horns 2
a: no special abilities


You were on level 4 of the Dungeon.
You were not hungry.

You visited 1 branch of the dungeon, and saw 4 of its levels.

You collected 185 gold pieces.

Inventory:

Hand Weapons
 a - a +0 war axe (weapon)
Missiles
 g - 8 bolts
 j - 56 stones (quivered)
 l - 10 tomahawks
 m - 23 arrows
Armour
 b - a +0 scale mail (worn)
 c - a +0 shield (worn)
 w - a +0 pair of boots (worn)
Scrolls
 h - 3 scrolls of enchant weapon {unknown}
 i - a scroll of fear {unknown}
 k - 2 scrolls of immolation {unknown}
 n - 3 scrolls of identify {unknown}
 r - 2 scrolls of remove curse {unknown}
 s - a scroll of random uselessness {unknown}
 y - a scroll of fog {unknown}
Potions
 d - 2 potions of might
 e - a potion of curing {unknown}
 p - a potion of lignification {unknown}
 q - a potion of haste {unknown}
 v - a potion of mutation {unknown}
 x - a potion of brilliance {unknown}
 z - a potion of flight {unknown}
 C - a potion of ambrosia {unknown}
 D - a potion of agility {unknown}
Books
 A - a book of the Tempests

   Spells                             Type                      Level
   a - Static Discharge               Conjuration/Air              3
   b - Lightning Bolt                 Conjuration/Air              5
   c - Fireball                       Conjuration/Fire             5
   d - Tornado                        Air                          9
   e - Shatter                        Earth                        9
Comestibles
 f - 2 bread rations
 o - 2 meat rations
 t - a slice of pizza
 u - 16 chunks of flesh
 B - 4 fruits


   Skills:
 + Level 5.4 Fighting
 + Level 4.7 Axes
 - Level 3.7 Armour
 + Level 3.8 Dodging
 + Level 5.2 Shields


You had 5 spell levels left.
You didn't know any spells.

Dungeon Overview and Level Annotations

Branches:
Dungeon (4/15)
 Temple: D:4-7

Altars:


Innate Abilities, Weirdness & Mutations

You reflexively headbutt those who attack you in melee.
You have a pair of horns on your head.


Message History

The jelly jiggles.
You enter the shallow water.
Moving in this stuff is going to be slow.
You block the jelly's attack.
An orc priest comes into view.
You open the door. The jelly closely misses you.
Found a scroll labeled RUEX KIOTOMP.
Found a scroll labeled POTAGI DUAL.
Found an escape hatch in the floor.
An ooze comes into view.
There is an open door here.
You block the jelly's attack.
You slash the jelly!
You kill the jelly!
You are no longer corroded.
You closely miss the orc.
The orc is severely wounded.
You hit the ooze. You block the ooze's attack.
The orc priest mumbles some strange prayers to Beogh against you.
Beogh smites you!
You die...

#≈.#≈≈≈≈#.≈#....#
#≈.≈≈≈≈≈≈.≈#.....
#≈.≈≈##≈≈.≈#.....
#≈.≈≈##≈≈.≈#.....
#≈.≈≈≈≈≈≈.≈#...<.
#≈.#≈≈≈≈#.≈#..#..
###≈.......)≈####.#
######.#o≈≈≈o≈)≈≈)#....#
.......@##########(....)
######.J....... #.#####
#....?.... #.. #
.......... ##.# #
........... .. #
....?....... #.# #
......>...... .. #
.......####### #.## #


You could see an orc priest, an ooze and an orc.

Vanquished Creatures
  An ogre (D:4)
  A howler monkey (D:4)
  3 orc wizards
  A jelly (D:4)
  Robin (D:4)
  3 gnolls (D:2)
  4 adders
  5 worms
  2 leopard geckos
  12 orcs
  A ball python (D:1)
  9 bats
  6 giant cockroaches
  16 goblins
  9 hobgoblins
  2 quokkas (D:2)
  4 frilled lizards
  6 kobolds
  3 rats
89 creatures vanquished.

Notes
Turn   | Place    | Note
-------+----------+-------------------------------------------
     0 | D:1      | cocoleboss the Minotaur Fighter began the quest for the Orb.
     0 | D:1      | Reached XP level 1. HP: 19/19 MP: 0/0
   284 | D:1      | Reached XP level 2. HP: 24/27 MP: 1/1
   408 | D:1      | Reached skill level 1 in Dodging
   756 | D:1      | You fall through a shaft!
   762 | D:2      | Reached XP level 3. HP: 30/33 MP: 2/2
  1158 | D:2      | Reached XP level 4. HP: 26/41 MP: 3/3
  1897 | D:3      | Reached XP level 5. HP: 38/47 MP: 4/4
  2329 | D:4      | Noticed Robin
  2345 | D:4      | Noticed an ogre
  2348 | D:4      | Reached skill level 5 in Fighting
  2352 | D:4      | Reached XP level 6. HP: 33/56 MP: 5/5
  2354 | D:4      | Reached skill level 5 in Shields
  2424 | D:4      | Killed Robin
  2438 | D:4      | Killed from afar by an orc priest

Skill      XL: |  1  2  3  4  5  6 |
---------------+-------------------+-----
Fighting       | 4 5 |  5.4
Dodging        | 1 2 3 |  3.8
Axes           | 3 4 |  4.7
Shields        | 4 5 |  5.2
Armour         | |  3.7

Action                   |  1- 3 |  4- 6 || total
-------------------------+-------+-------++-------
Melee: War axe           |    89 |   130 ||   219
       Headbutt          |    12 |    23 ||    35
  Eat: Chunk             |     1 |     4 ||     5
Armor: Scale mail        |    35 |    57 ||    92
Dodge: Dodged            |    25 |    38 ||    63
Block: Shield            |    48 |    86 ||   134
